 Dungeon Crawl Stone Soup version 0.27-a0-1378-gdefffd1ff6 (webtiles) character file.

Game seed: 9129904393683888347

49 freelancePsychic the Gusty (level 3, 0/19 HPs)
             Began as a Tengu Air Elementalist on June 29, 2021.
             Succumbed to an adder's poison
             ... on level 2 of the Dungeon.
             The game lasted 00:02:19 (1239 turns).

freelancePsychic the Gusty (Tengu Air Elementalist) Turns: 1239, Time: 00:02:20

Health: 0/19       AC:  3    Str:  8    XL:     3   Next: 75%
Magic:  3/8        EV: 12    Int: 16    God:
Gold:   94         SH:  0    Dex: 14    Spells: 6/7 levels left

rFire    . . .     SeeInvis .   c - +0 spear
rCold    . . .     Faith    .   (no shield)
rNeg     . . .     Spirit   .   a - +0 robe
rPois    .         Reflect  .   (helmet restricted)
rElec    .         Harm     .   (no cloak)
rCorr    .         Rampage  .   f - +0 pair of gloves
Will     .....                  (boots unavailable)
Stlth    ++........             (no amulet)
HPRegen  0.06/turn              b - +4 ring of slaying
MPRegen  0.11/turn              (no ring)

@: lethally poisoned (0 -> -9), very slightly contaminated
A: beak, talons 3
a: no special abilities


You were on level 2 of the Dungeon.
You visited 1 branch of the dungeon, and saw 2 of its levels.

You collected 94 gold pieces.

Inventory:

Hand Weapons
 c - a +0 spear (weapon)
Armour
 a - a +0 robe (worn)
 f - a +0 pair of gloves (worn)
Jewellery
 b - a +4 ring of slaying (left hand)
Potions
 d - a potion of lignification {unknown}
 e - a potion of mutation {unknown}
 g - a potion of heal wounds {unknown}
 h - 2 potions of cancellation {unknown}
 i - 2 potions of berserk rage {unknown}


   Skills:
 - Level 2.1 Dodging
 - Level 2.0 Stealth
 + Level 2.6 Spellcasting
 + Level 2.9 Conjurations
 + Level 4.7 Air Magic


You had 6 spell levels left.
You knew the following spells:

 Your Spells              Type           Power      Damage    Failure   Level
a - Shock                 Conj/Air       56%        1d6       4%          1

Your spell library contained the following spells:

 Spells                   Type           Power      Damage    Failure   Level
 Static Discharge         Conj/Air       14%        N/A       6%          2
 Swiftness                Air            17%        N/A       9%          3
 Airstrike                Air            8%         N/A       26%         4
 Lightning Bolt           Conj/Air       7%         1d19      73%         5


Dungeon Overview and Level Annotations

Branches:
Dungeon (2/15)

Altars:


Innate Abilities, Weirdness & Mutations

You have a beak for a mouth.
You have claws for feet.


Message History

Aim: a frilled lizard (heavily wounded, 53% to hit)
You miscast Shock.
You are very lightly contaminated with residual magic.
Nothing appears to happen.
The adder bites you.
You are poisoned.
The adder poisons you! The adder misses you.
Casting: Shock (safe; 4% risk of failure)
Confirm with . or Enter, or press ? or * to list all spells.
Aiming: Shock (safe; 4% risk of failure)
Press: ? - help, Shift-Dir - straight line, f/p - frilled lizard
Aim: a frilled lizard (heavily wounded, 53% to hit)
The zap hits the adder.
The adder is severely wounded.
The zap hits the frilled lizard.
You kill the frilled lizard!
The zap hits the hobgoblin.
The hobgoblin is heavily wounded.
The zap hits the hobgoblin.
The hobgoblin is severely wounded.
You feel sick.
A nearby plant withers and dies.
The adder bites you.
* * * LOW HITPOINT WARNING * * *
You are more poisoned.
The adder poisons you!
Casting: Shock (safe; 4% risk of failure)
Confirm with . or Enter, or press ? or * to list all spells.
Aiming: Shock (safe; 4% risk of failure)
Press: ? - help, Shift-Dir - straight line, f - adder
Aim: an adder (severely wounded, 53% to hit)
The zap misses the adder.
The zap misses the hobgoblin.
* * * LOW HITPOINT WARNING * * *
You feel sick. The adder misses you.
Casting: Shock (safe; 4% risk of failure)
Confirm with . or Enter, or press ? or * to list all spells.
Aiming: Shock (safe; 4% risk of failure)
Press: ? - help, Shift-Dir - straight line, f/p - adder
Aim: an adder (severely wounded, 53% to hit)
The zap hits the adder.
You kill the adder!
The zap misses the hobgoblin.
You die...

#....(..≈≈≈≈≈♣
###........###
#........###
#........≈.#
#.......≈≈≈#
#.......≈≈♣#
#........≈≈# #
#......#.≈♣# #
#.....[###@# #
######## #.# ≈
# #g### ≈≈≈
#..≈♣♣≈≈P≈≈
##≈≈≈≈≈≈≈≈≈
#≈≈≈≈≈≈≈≈≈P
##P≈≈≈≈≈≈≈≈
##≈≈♣≈≈≈..
#........


You could see a hobgoblin.

Vanquished Creatures
  3 adders (D:2)
  A worm (D:2)
  A bat (D:1)
  2 endoplasms (D:2)
  4 goblins (D:2)
  5 hobgoblins (D:1)
  2 kobolds
  A quokka (D:1)
  2 ball pythons
  2 frilled lizards
  5 rats
28 creatures vanquished.

Vanquished Creatures (others)
  16 plants (D:2)
16 creatures vanquished.

Grand Total: 44 creatures vanquished

Notes
Turn   | Place    | Note
-------+----------+-------------------------------------------
     0 | D:1      | freelancePsychic the Tengu Air Elementalist began the quest
                  | for the Orb.
     0 | D:1      | Reached XP level 1. HP: 10/10 MP: 4/4
    83 | D:1      | Found a faded altar of an unknown god.
   334 | D:1      | Reached XP level 2. HP: 15/15 MP: 1/6
   820 | D:2      | Reached XP level 3. HP: 19/19 MP: 7/7
  1239 | D:2      | Succumbed to an adder's poison

Illustrated notes

Levels and vault maps discovered:
D:1:      giann_forest_graveyard, layout_loops_ring, basic_ecumenical_altar,
          st_stairs_10
D:2:      layout_basic, serial_bayou, serial_bayou_ford_a,
          serial_bayou_crossing, serial_bayou_pond_e, serial_bayou_lake_a,
          serial_bayou_pond_d, serial_bayou_lagoon_b, uniq_natasha

Skill      XL: |  1  2 |
---------------+-------+-----
Conjurations   | 2 |  2.9
Dodging        | |  2.1
Stealth        | |  2.0
Spellcasting   | |  2.6
Air Magic      | |  4.7

Action                   || total
-------------------------++-------
Melee: Spear             ||    28
       Peck              ||     4
       Kick              ||     1
 Cast: Shock             ||    39
  Use: Scroll            ||     3
 Stab: Sleeping          ||     1
Armor: Robe              ||     4
Dodge: Dodged            ||    16

Table legend: (Time is in decaauts)
 A = Elapsed time spent in this place.
 B = Non-inter-level travel time spent in this place.
 C = Inter-level travel time spent in this place.
 D = Time resting spent in this place.
 E = Time spent auto-exploring this place.
 F = Levels seen in this place.
 G = Mean time per level.
                   A        B        C        D        E       F      G
               +--------+--------+--------+--------+--------+-----+--------+
         Total |   1266 |   1224 |     42 |      0 |   1042 |   2 |  633.0 |
       Dungeon |   1266 |   1224 |     42 |      0 |   1042 |   2 |  633.0 |
               +--------+--------+--------+--------+--------+-----+--------+

Top non-repeatable levels by time:
     D:1: 814 daAuts
     D:2: 452 daAuts
